 Dungeon Crawl Stone Soup version 0.28.0 (webtiles) character file.

Game seed: 7531887854751265904

9408 Cykl0x the Geomancer (level 11, -1/68 HPs)
             Began as a Gargoyle Earth Elementalist on Feb 14, 2022.
             Was a Priest of the Shining One.
             Slain by Gastronok (31 damage)
             ... on level 9 of the Dungeon.
             The game lasted 00:21:28 (12541 turns).

Cykl0x the Geomancer (Gargoyle Earth Elementalist) Turns: 12541, Time: 00:21:29

Health: -1/68      AC: 19    Str: 13    XL:     11   Next: 46%
Magic:  7/29       EV: 10    Int: 19    God:    the Shining One [***...]
Gold:   1466       SH:  9    Dex: 10    Spells: 18/22 levels left

rFire   . . .      SeeInvis .   h - +4 scimitar
rCold   . . .      Faith    .   s - +0 buckler
rNeg    + + .      Spirit   .   i - +0 ring mail
rPois   ∞          Reflect  +   e - +0 helmet
rElec   +          Harm     .   k - +2 cloak
rCorr   .          Rampage  .   (no gloves)
Will    .....                   o - +0 pair of boots
Stlth   +.........              m - amulet of reflection
HPRegen 0.21/turn               p - ring of magical power
MPRegen 0.21/turn               F - ring of wizardry

@: glowing, studying Hexes
A: sickness immunity, AC +8, negative energy resistance 1, electricity
resistance, torment resistance 1, petrification resistance
a: Renounce Religion, Divine Shield, Cleansing Flame


You were on level 9 of the Dungeon.
You worshipped the Shining One.
The Shining One was most pleased with you.
You visited 2 branches of the dungeon, and saw 10 of its levels.

You collected 1506 gold pieces.
You donated 40 gold pieces to Zin.

Inventory:

Hand Weapons
 h - a +4 scimitar (weapon)
 v - a +1 scimitar
 D - a +2 rapier of venom
Missiles
 c - 264 stones
Armour
 b - a +0 robe
 e - a +0 helmet (worn)
 f - a +1 leather armour
 i - a +0 ring mail (worn)
 k - a +2 cloak (worn)
 o - a +0 pair of boots (worn)
 s - a +0 buckler (worn)
 H - a +0 chain mail
Jewellery
 l - a ring of see invisible
 m - an amulet of reflection (around neck)
 p - a ring of magical power (left hand)
 F - a ring of wizardry (right hand)
Wands
 n - a wand of flame (21)
 q - a wand of paralysis (4)
Scrolls
 a - 3 scrolls of identify
 d - a scroll of teleportation
 u - a scroll of noise {unknown}
 x - a scroll of enchant armour
 y - 2 scrolls of fear
Potions
 g - a potion of degeneration {unknown}
 j - a potion of attraction
 r - 2 potions of brilliance
 t - 2 potions of flight
 w - 2 potions of curing
 A - a potion of experience {unknown}
 B - 3 potions of heal wounds
 C - 2 potions of lignification {unknown}
 G - a potion of cancellation {unknown}


   Skills:
 * Level 7.7 Fighting
 + Level 0.8(4.1) Short Blades
 + Level 6.5(6.6) Long Blades
 + Level 4.4 Armour
 + Level 2.7 Dodging
 - Level 2.1 Stealth
 + Level 3.2 Shields
 + Level 6.4 Spellcasting
 + Level 7.8 Conjurations
 - Level 0.7 Transmutations
 + Level 8.9 Earth Magic
 * Level 5.6 Invocations


You had 18 spell levels left.
You knew the following spells:

 Your Spells              Type           Power      Damage    Failure   Level
a - Sandblast             Erth           78%        2d17      1%          1
b - Stone Arrow           Conj/Erth      74%        3d11      1%          3

Your spell library contained the following spells:

 Spells                   Type           Power      Damage    Failure   Level
 Passwall                 Tmut/Erth      20%        N/A       2%          2
 Static Discharge         Conj/Air       20%        N/A       3%          2
 Petrify                  Tmut/Erth      24%        N/A       16%         4
 Sticky Flame             Conj/Fire      20%        2d4       22%         4
 Ozocubu's Armour         Ice            6%         N/A       32%         3
 Dispel Undead            Necr           6%         3d8       71%         4
 Ozocubu's Refrigeration  Ice            3%         4d5       100%        7


Dungeon Overview and Level Annotations

Branches:
Dungeon (9/15)             Temple (1/1) D:7             Orc (0/2) D:9
   Lair: D:8-11

Altars:
Ashenzari
Cheibriados
Dithmenos
Elyvilon
Fedhas
Hepliaklqana
Kikubaaqudgha
Makhleb
Nemelex Xobeh
Qazlal
Ru
Sif Muna
Trog
Uskayaw
Vehumet
Wu Jian
Xom
Yredelemnul
Zin
The Shining One

Shops:
D:4 (   D:8 (

Annotations:
D:9 exclusion: ice statue, Gastronok


Innate Abilities, Weirdness & Mutations

You are immune to sickness and miasma.
Your stone body is resilient. (AC +8)
You are immune to poison.
You resist negative energy. (rN+)
You are resistant to electric shocks. (rElec)
You are resistant to unholy torment.
You are immune to petrification.


Message History

The stone arrow hits the howler monkey zombie!!
You destroy the howler monkey zombie!
The Shining One accepts your kill.
You can't see any susceptible monsters within range! (Use Z to cast anyway.) Gastronok the Ponderous comes into view.
Gastronok gurgles horribly!
The stone arrow hits Gastronok!
Gastronok is lightly wounded.
The stone arrow hits Gastronok!!
Gastronok is lightly wounded.
The stone arrow hits Gastronok!
Gastronok is moderately wounded.
The stone arrow hits Gastronok!
Gastronok is heavily wounded.
The stone arrow hits Gastronok!
Gastronok is heavily wounded.
Gastronok waves his eye-stalks in wide circles.
The air twists around and strikes you!!
The stone arrow hits Gastronok!!
Gastronok is severely wounded.
The stone arrow hits Gastronok!
Gastronok is severely wounded.
The stone arrow hits Gastronok!
Gastronok is almost dead.
You hit Gastronok.
Gastronok is almost dead.
Gastronok waves his eye-stalks in wide circles.
The air twists around and strikes you!!
You are too injured to fight recklessly!
You are too injured to fight recklessly!
You are too injured to fight recklessly!
You are too injured to fight recklessly!
You are too injured to fight recklessly!
You are too injured to fight recklessly!
You slash Gastronok!
Gastronok is almost dead.
You completely miss Gastronok.
Gastronok is almost dead.
Gastronok bites you!!
You die...

### #..
###############
#.#
#...........#.+
#..
#.............#
#####
#...........#
#....
#...........#
###
#..$.w@.....#
#..
#...........#
##'
##########.##
###. ###.# #...
#...# ######'##
#.### #........
###.#
##'##.....
#...#
##...##....
#.###
##.....##...


You could see Gastronok.

Vanquished Creatures
  A boulder beetle (D:9)
  An orc knight (D:9)
  A deep elf pyromancer (D:8)
  A gargoyle (D:9)
  A kobold demonologist (D:9)
  2 trolls (D:9)
  Prince Ribbit (D:8)
  A hornet (D:9)
  A vampire (D:9)
  2 wyverns
  14 yaks
  A vampire mosquito (D:9)
  A steam dragon (D:9)
  A water moccasin (D:7)
  5 orc warriors
  3 ice beasts
  2 sky beasts
  3 ogres
  7 centaurs
  2 bullfrogs
  A gnoll sergeant (D:6)
  4 scorpions
  A jelly (D:6)
  A killer bee (D:9)
  13 wights
  A hound (D:5)
  6 orc priests
  3 centaur zombies
  A bullfrog skeleton (D:6)
  A centaur skeleton (D:7)
  Jessica (D:3)
  3 iguanas
  Crazy Yiuf (D:2)
  7 orc wizards
  Natasha (thrice) (D:2)
  A killer bee zombie (D:8)
  3 howler monkey zombies (D:9)
  3 gnolls (D:6)
  A howler monkey skeleton (D:6)
  9 adders
  4 shadow imps
  A white imp (D:7)
  2 adder skeletons
  A worm (D:3)
  3 dart slugs
  24 orcs
  4 bats
  3 endoplasms
  6 giant cockroaches
  3 goblins
  8 hobgoblins
  4 jackals (D:3)
  3 quokkas
  7 ball pythons
  3 frilled lizards
  3 kobolds
  3 rats
197 creatures vanquished.

Vanquished Creatures (others)
  A plant (D:8)
1 creature vanquished.

Grand Total: 198 creatures vanquished

Notes
Turn   | Place    | Note
-------+----------+-------------------------------------------
     0 | D:1      | Cykl0x the Gargoyle Earth Elementalist began the quest for
                  | the Orb.
     0 | D:1      | Reached XP level 1. HP: 10/10 MP: 3/3
    29 | D:1      | Found a faded altar of an unknown god.
   278 | D:1      | Reached XP level 2. HP: 16/16 MP: 3/5
   474 | D:1      | Reached skill level 1 in Fighting
   703 | D:1      | Reached skill level 4 in Earth Magic
   802 | D:1      | Reached XP level 3. HP: 20/20 MP: 0/6
   806 | D:1      | Learned a level 3 spell: Stone Arrow
  1088 | D:2      | Reached skill level 1 in Conjurations
  1984 | D:2      | Found a runed translucent door.
  1984 | D:2      | Noticed Natasha
  1985 | D:2      | Noticed Crazy Yiuf
  1986 | D:2      | Killed Natasha
  1987 | D:2      | Reached XP level 4. HP: 15/25 MP: 3/7
  2220 | D:2      | Killed Crazy Yiuf
  2497 | D:2      | Noticed Natasha
  2501 | D:2      | Killed Natasha
  2502 | D:2      | Reached skill level 1 in Long Blades
  2502 | D:2      | Reached XP level 5. HP: 31/31 MP: 0/8
  2789 | D:2      | Noticed Natasha
  2793 | D:2      | Killed Natasha
  2794 | D:2      | Reached skill level 1 in Armour
  3469 | D:3      | Noticed Jessica
  3486 | D:3      | Killed Jessica
  3545 | D:3      | Reached XP level 6. HP: 24/36 MP: 0/9
  3774 | D:3      | Found a transporter.
  3791 | D:3      | Found a transporter.
  4492 | D:4      | Reached skill level 5 in Earth Magic
  4814 | D:4      | Reached XP level 7. HP: 20/41 MP: 2/11
  5358 | D:4      | Found Afereffo's Weapon Shoppe.
  5362 | D:4      | Noticed a +0 dagger
  5363 | D:4      | Found a hide-covered altar of Uskayaw.
  5363 | D:4      | Noticed a +0 dagger
  5710 | D:5      | Entered Level 5 of the Dungeon
  5710 | D:5      | You fall into a shaft and drop 3 floors!
  5821 | D:7      | Reached XP level 8. HP: 48/48 MP: 8/13
  5939 | D:7      | Reached skill level 1 in Shields
  5978 | D:7      | Reached skill level 5 in Conjurations
  6252 | D:7      | Reached skill level 6 in Earth Magic
  6536 | D:6      | Found a glowing silver altar of Zin.
  6536 | D:6      | Found a white marble altar of Elyvilon.
  6545 | D:6      | Became a worshipper of Zin the Law-Giver
  6545 | D:6      | Reached * piety under Zin
  7101 | D:5      | Reached XP level 9. HP: 52/52 MP: 15/15
  7171 | D:5      | Reached ** piety under Zin
  7842 | D:6      | Reached skill level 5 in Fighting
  8107 | D:6      | Reached *** piety under Zin
  8630 | D:7      | Found a staircase to the Ecumenical Temple.
  8635 | D:7      | Reached skill level 7 in Earth Magic
  8665 | D:7      | Reached skill level 5 in Long Blades
  8674 | D:7      | Reached skill level 1 in Invocations
  8726 | Temple   | Entered the Ecumenical Temple
  8925 | Temple   | Fell from the grace of Zin
  8925 | Temple   | Became a worshipper of the Shining One
  8925 | Temple   | Reached * piety under the Shining One
  9318 | D:8      | Found Lidasef's Weapon Emporium.
  9603 | D:8      | Reached XP level 10. HP: 59/60 MP: 16/17
  9747 | D:8      | Reached skill level 5 in Spellcasting
  9830 | D:8      | Noticed Prince Ribbit
  9884 | D:8      | Killed Prince Ribbit
 10078 | D:8      | Found a sacrificial altar of Ru.
 10264 | D:8      | Identified the +4 hand axe of Hepliaklqana's Respect
                  | {antimagic, Str-4 Dex+5}
 10346 | D:8      | Noticed a deep elf pyromancer
 10350 | D:8      | Killed a deep elf pyromancer
 10526 | D:9      | Found a staircase to the Orcish Mines.
 10703 | D:9      | Noticed a kobold demonologist
 10704 | D:9      | Reached ** piety under the Shining One
 10730 | D:9      | Killed a kobold demonologist
 10731 | D:9      | Reached skill level 8 in Earth Magic
 10741 | D:9      | Identified a scroll of acquirement
 10741 | D:9      | Acquired 979 gold pieces
 11104 | D:9      | Noticed an orc knight
 11114 | D:9      | Killed an orc knight
 11115 | D:9      | Reached XP level 11. HP: 51/67 MP: 7/19
 11470 | D:9      | Reached skill level 5 in Invocations
 11913 | D:9      | Noticed a cyclops
 11913 | D:9      | Noticed a boulder beetle
 11915 | D:9      | Noticed a centaur warrior
 11917 | D:9      | Noticed a centaur warrior
 11917 | D:9      | Reached *** piety under the Shining One
 12206 | D:9      | Killed a boulder beetle
 12293 | D:9      | Identified the +2 leather armour of Terror {Str+5 Int-4}
 12528 | D:9      | Noticed Gastronok
 12541 | D:9      | Slain by Gastronok

Illustrated notes

Levels and vault maps discovered:
D:1:      kennysheep_arrival_seaside, layout_basic,
          hellmonk_ecumenical_altar_heavens_door, minmay_tetromino_i2
D:2:      layout_loops_cross, uniq_crazy_yiuf_cottage, uniq_natasha
D:3:      gammafunk_wand_slinger, layout_basic, serial_bayou_ford_a,
          moated_statue, uniq_jessica
D:4:      layout_rooms, dancing_weapons_uskayaw, serial_shops, shop
D:5:      layout_loops_ring, dk_noncrumbling_2
D:6:      layout_basic, gammafunk_temple_overflow_pools
D:7:      layout_basic, minmay_temple_entry_glass, hangedman_decor_push,
          wad_floor_pattern_1
D:8:      layout_rooms, mainiacjoe_overflow_alcove_4, serial_shops, shop,
          guppyfry_early_elven_hall, uniq_prince_ribbit1
D:9:      layout_roguey, orc_0_dummy, dk_noncrumbling_3, st_stairs_9,
          minivault_16, minmay_the_grid_2x2 [minmay_the_grid_armoury,
          minmay_the_grid_doors, minmay_the_grid_tiny_cups,
          minmay_the_grid_prize_four_corners_diamond_b], uniq_gastronok
Temple:   eino_narrow_crystal_temple

Skill      XL: |  1  2  3  4  5  6  7  8  9 10 11 |
---------------+----------------------------------+-----
Fighting       | 1 2 3 4 6 7 |  7.7
Earth Magic    | 4 5 6 7 8 |  8.9
Conjurations   | 2 4 5 6 7 |  7.8
Long Blades    | 1 2 3 4 5 6 |  6.5
Armour         | 1 2 3 4 |  4.4
Spellcasting   | 3 4 5 6 |  6.4
Shields        | 1 2 3 |  3.2
Dodging        | 2 |  2.7
Invocations    | 1 4 5 |  5.6
Short Blades   | |  0.8
Stealth        | |  2.1
Transmutations | |  0.7

Action                   |  1- 3 |  4- 6 |  7- 9 | 10-12 || total
-------------------------+-------+-------+-------+-------++-------
Melee: Unarmed           |     7 |       |       |       ||     7
       Rapier            |    11 |    40 |       |       ||    51
       Punch             |     1 |       |       |       ||     1
       Falchion          |       |     1 |    16 |       ||    17
       Scimitar          |       |       |    58 |    91 ||   149
 Cast: Sandblast         |    28 |    19 |     9 |     5 ||    61
       Stone Arrow       |    11 |    33 |   118 |   110 ||   272
Invok: Vitalisation      |       |       |     1 |       ||     1
       Divine Shield     |       |       |       |     3 ||     3
Evoke: Wand              |       |       |       |     1 ||     1
  Use: Scroll            |     3 |     4 |     2 |     5 ||    14
       Potion            |       |     3 |       |       ||     3
Armor: Robe              |     4 |       |       |       ||     4
       Leather armour    |     7 |    40 |    32 |       ||    79
       Ring mail         |       |       |    23 |    57 ||    80
Dodge: Dodged            |    14 |    29 |    51 |    36 ||   130
Block: Other             |       |     2 |       |       ||     2
       Buckler           |       |     1 |    53 |    52 ||   106
       Reflection        |       |     1 |    10 |     6 ||    17
